 Dungeon Sprint DCSS version 0.24.1-14-gf8d2b509d9 (webtiles) character file.

Game seed: 9660695168912211167, levelgen mode: deterministic

23802 Baz the Devastator (level 12, -4/102 (103) HPs)
             Began as a Pale Draconian Fire Elementalist on Sept 27, 2020.
             Was the Champion of Vehumet.
             Engulfed by a cloud of freezing vapour (9 damage)
             ... in the Dungeon (Sprint III: "The Ten Rune Challenge").
             The game lasted 00:22:38 (5146 turns).

Baz the Devastator (DrFE)                           Turns: 5146, Time: 00:22:38

HP:   -4/102 (103)  AC: 10    Str: 10    XL:     12   Next: 75%
MP:   32/32         EV: 11    Int: 22    God:    Vehumet [******]
Gold: 1730          SH: 13    Dex: 11    Spells: 6/44 levels left

rFire    . . .     SeeInvis +   q - +1 dagger (venom)
rCold    . . .     Gourm    .   p - +2 shield
rNeg     . . .     Faith    .   (armour unavailable)
rPois    .         Spirit   .   h - +2 hat {SInv}
rElec    .         Reflect  .   (no cloak)
rCorr    .         Harm     .   (no gloves)
MR       .....     NoTele   +   (no boots)
Stlth    ++........             (no amulet)
HPRegen  0.27/turn              (no ring)
MPRegen  0.23/turn              (no ring)

@: slowed, very slow
A: breathe steam, unfitting armour, cold-blooded, AC +8
a: Breathe Steam, Renounce Religion


You were in the Dungeon.
You worshipped Vehumet.
Vehumet was exalted by your worship.
You were not hungry.

You visited 1 branch You collected 2434 gold pieces.
You spent 704 gold pieces at shops.

Inventory:

Hand Weapons
 q - a +1 dagger of venom (weapon)
Armour
 h - a +2 hat of see invisible (worn)
 p - a +2 shield (worn)
Wands
 o - a wand of flame (15)
 r - a wand of acid (8)
Scrolls
 i - a scroll of holy word {unknown}
 j - a scroll of identify {unknown}
 k - 3 scrolls of remove curse
 m - a scroll of immolation {unknown}
 n - a scroll of enchant armour {unknown}
 s - a scroll of magic mapping {unknown}
Potions
 a - 5 potions of mutation
 c - 2 potions of ambrosia {unknown}
 e - a potion of haste
 f - 2 potions of magic
 g - a potion of berserk rage
 l - 5 potions of flight
 t - 2 potions of curing
 u - a potion of lignification {unknown}
 v - a potion of might
 w - a potion of brilliance {unknown}
Miscellaneous
 d - a phial of floods
Comestibles
 b - 10 rations


   Skills:
 - Level 8.3 Fighting
 - Level 2.0 Dodging
 - Level 2.0 Stealth
 + Level 11.7 Shields
 * Level 16.9 Spellcasting
 * Level 17.0 Conjurations
 + Level 7.9 Summonings
 + Level 14.8 Fire Magic
 - Level 6.3 Air Magic


You had 6 spell levels left.
You knew the following spells:

 Your Spells              Type           Power        Failure   Level  Hunger
a - Flame Tongue          Conj/Fire      #####        0%          1    None
b - Conjure Flame         Conj/Fire      ######..     0%          3    None
c - Sticky Flame          Conj/Fire      ######..     1%          4    None
d - Fireball              Conj/Fire      ######....   1%          5    ##.....
e - Mephitic Cloud        Conj/Pois/Air  ######..     1%          3    None
f - Throw Icicle          Conj/Ice       ######..     1%          4    None
g - Spellforged Servitor  Conj/Summ      ######....   6%          7    ######.
h - Lightning Bolt        Conj/Air       ######....   1%          5    ##.....
i - Bolt of Fire          Conj/Fire      ######....   1%          6    ####...

Your spell library contained the following spells:

 Spells                   Type           Power        Failure   Level  Hunger
 Poison Arrow             Conj/Pois      ######....   6%          6    ####...
 Magic Dart               Conj           ####         0%          1    None
 Throw Flame              Conj/Fire      ######       0%          2    None
 Call Imp                 Summ           ######..     1%          2    None
 Inner Flame              Hex/Fire       ######..     1%          3    None
 Blink                    Tloc           N/A          7%          2    None
 Slow                     Hex            ###.....     7%          2    None


Dungeon Overview and Level Annotations

Branches:
Dungeon (1/1)

Altars:
Dithmenos
Elyvilon
Fedhas
Kikubaaqudgha
Okawaru
Ru
Sif Muna
Trog
Uskayaw
Vehumet
Wu Jian
Yredelemnul
Zin
The Shining One
Beogh

Shops:
D }


Innate Abilities, Weirdness & Mutations

You can breathe blasts of scalding, opaque steam.
Your pale cyan-grey scales are hard. (AC +8)
You cannot fit into any form of body armour.
You are cold-blooded and may be slowed by cold attacks.


Message History

Unknown command.
Casting: Fireball (safe; 1% risk of failure)
Confirm with . or Enter, or press ? or * to list all spells.
Okay, then.
Unknown command.
Unknown command.
Unknown command.
You close the door.
You are engulfed in freezing vapours.
You feel as though you will be slow longer.
* * * LOW HITPOINT WARNING * * *
Unknown command.
Okay, then.
Unknown command.
Okay, then.
Casting: Fireball (safe; 1% risk of failure)
Confirm with . or Enter, or press ? or * to list all spells.
Okay, then.
Unknown command.
You are engulfed in freezing vapours.
You die...

♣♣≈≈≈........≈≈≈...#.......#.....
♣'♣≈≈≈≈≈≈≈≈≈≈≈≈♣♣P.'......^#.....
≈♣♣♣♣♣♣♣♣♣♣♣♣♣♣♣♣P.#)()....######
.♣ ♣♣♣##'########
#+♣♣♣♣♣♣♣♣♣♣♣♣♣♣♣ ♣#...+.≈≈≈§#
♣.##..##≈≈≈≈≈≈..# Z#...#.≈≈§≈#
.##.##.#≈≈≈≈≈...# Z#...#.#§§≈#
##.##.##'≈≈≈≈○####+#####.# ≈§§
.#.##.).#≈≈(..°○@°°# .# §§
.##.##..#≈..†####### P#
.##†#####÷..#....).# P#
....##......#♣♣♣._(# P#
######+###### #####


There were no monsters in sight!

Vanquished Creatures
  Rupert (D)
  Gastronok (D)
  Harold (D)
  A dire elephant (D)
  Erolcha (D)
  2 hydras (D)
  4 death yaks (D)
  2 orc high priests (D)
  Urug (D)
  A death drake (D)
  A spriggan druid (D)
  Joseph (D)
  A lindwurm (D)
  An orc sorcerer (D)
  An elephant (D)
  A deep elf mage (D)
  2 black mambas (D)
  2 spiny frogs (D)
  A rime drake (D)
  A komodo dragon (D)
  A queen bee (D)
  A tyrant leech (D)
  3 wandering mushrooms (D)
  8 blink frogs (D)
  5 redbacks (D)
  A shadow (D)
  2 spriggans (D)
  A swamp drake (D)
  An orc warrior (D)
  A necrophage (D)
  5 two-headed ogres (D)
  A water elemental (D)
  A scorpion (D)
  32 killer bees (D)
  An electric eel (D)
  5 orc priests (D)
  A jelly (D)
  Jessica (D)
  An orc wizard (D)
  A wizard (D)
  A necromancer (D)
  3 humans (D)
  A kobold demonologist (D)
  An adder (D)
  An ooze (D)
  8 orcs (D)
  A rat (D)
116 creatures vanquished.

Vanquished Creatures (collateral kills)
  A dire elephant (D)
  An elephant (D)
  A tyrant leech (D)
3 creatures vanquished.

Vanquished Creatures (others)
  2 draconian scorchers (D)
  2 ice dragons (D)
  6 hellions (D)
  3 yaktaurs (D)
  6 plants (D)
19 creatures vanquished.

Grand Total: 138 creatures vanquished

Notes
Turn   | Place    | Note
-------+----------+-------------------------------------------
     0 | D        | Baz the Draconian Fire Elementalist began the quest for the
                  | Orb.
     0 | D        | Reached XP level 1. HP: 14/14 MP: 3/3
    46 | D        | Noticed Jessica
    64 | D        | Killed Jessica
    64 | D        | Reached skill level 1 in Fighting
    64 | D        | Reached skill level 3 in Conjurations
    64 | D        | Reached XP level 2. HP: 19/24 MP: 0/6
    64 | D        | Reached XP level 3. HP: 23/29 MP: 0/7
    78 | D        | Killed a yaktaur
   106 | D        | Killed a hellion
   144 | D        | Killed a hellion
   145 | D        | Noticed a scorpion
   159 | D        | Killed a scorpion
   159 | D        | Reached skill level 4 in Conjurations
   159 | D        | Reached skill level 5 in Fire Magic
   159 | D        | Reached XP level 4. HP: 38/38 MP: 3/9
   164 | D        | Learned a level 3 spell: Conjure Flame
   169 | D        | Learned a level 4 spell: Sticky Flame
   178 | D        | Killed a hellion
   180 | D        | Killed a hellion
   205 | D        | Killed a white draconian scorcher
   217 | D        | Killed a hellion
   222 | D        | Killed a hellion
   223 | D        | Killed a white draconian scorcher
   329 | D        | Noticed a water elemental
   341 | D        | Killed a water elemental
   341 | D        | Reached skill level 5 in Conjurations
   341 | D        | Reached XP level 5. HP: 35/46 MP: 0/11
   414 | D        | Killed a yaktaur
   434 | D        | Found a radiant altar of Vehumet.
   434 | D        | Found a shimmering blue altar of Sif Muna.
   434 | D        | Found an ancient bone altar of Kikubaaqudgha.
   436 | D        | Reached skill level 6 in Conjurations
   504 | D        | Became a worshipper of Vehumet
   513 | D        | Found a glowing silver altar of Zin.
   513 | D        | Found a glowing golden altar of the Shining One.
   513 | D        | Found a white marble altar of Elyvilon.
   513 | D        | Noticed a deep elf mage
   520 | D        | Killed a deep elf mage
   520 | D        | Reached skill level 7 in Conjurations
   520 | D        | Reached XP level 6. HP: 20/58 MP: 7/16
   520 | D        | Your scales start taking on a pale cyan-grey colour.
   520 | D        | Reached XP level 7. HP: 23/64 MP: 7/18
   738 | D        | Learned a level 5 spell: Fireball
   740 | D        | Found a hide-covered altar of Uskayaw.
   740 | D        | Found a roughly hewn altar of Beogh.
   740 | D        | Found an iron altar of Okawaru.
   740 | D        | Found a bloodstained altar of Trog.
   740 | D        | Found an ornate altar of the Wu Jian Council.
   740 | D        | Noticed a human
   740 | D        | Noticed a human
   744 | D        | Killed a human
   744 | D        | Reached skill level 8 in Conjurations
   744 | D        | Killed a human
   744 | D        | Reached * piety under Vehumet
   744 | D        | Offered knowledge of Sandblast by Vehumet.
   744 | D        | Reached skill level 10 in Fire Magic
   865 | D        | Found a basalt altar of Yredelemnul.
   865 | D        | Found a shadowy altar of Dithmenos.
   865 | D        | Found a sacrificial altar of Ru.
   933 | D        | Noticed a shadow
   944 | D        | Killed a shadow
   944 | D        | Offered knowledge of Sting by Vehumet.
   944 | D        | Reached XP level 8. HP: 74/74 MP: 0/21
   944 | D        | Reached ** piety under Vehumet
   944 | D        | Reached skill level 9 in Conjurations
   953 | D        | Killed an ice dragon
  1082 | D        | Learned a level 3 spell: Mephitic Cloud
  1089 | D        | Reached skill level 1 in Shields
  1089 | D        | Reached skill level 1 in Air Magic
  1217 | D        | Noticed a two-headed ogre
  1234 | D        | Killed a two-headed ogre
  1234 | D        | Offered knowledge of Ignite Poison by Vehumet.
  1234 | D        | Reached *** piety under Vehumet
  1234 | D        | Reached skill level 10 in Spellcasting
  1252 | D        | Noticed a two-headed ogre
  1252 | D        | Noticed Erolcha
  1258 | D        | Killed Erolcha
  1258 | D        | Reached skill level 10 in Conjurations
  1258 | D        | Reached skill level 5 in Air Magic
  1258 | D        | Reached XP level 9. HP: 41/82 MP: 10/24
  1266 | D        | Killed a two-headed ogre
  1266 | D        | Reached skill level 5 in Shields
  1446 | D        | Offered knowledge of Throw Icicle by Vehumet.
  1452 | D        | Learned a level 4 spell: Throw Icicle
  1576 | D        | Found Ofysaok's Gadget Emporium.
  1576 | D        | Noticed an orc sorcerer
  1580 | D        | Reached **** piety under Vehumet
  1580 | D        | Offered knowledge of Airstrike by Vehumet.
  1581 | D        | Noticed an orc high priest
  1581 | D        | Noticed an orc high priest
  1584 | D        | Killed an orc sorcerer
  1584 | D        | Reached ***** piety under Vehumet
  1584 | D        | Reached skill level 11 in Conjurations
  1585 | D        | Noticed a sixfirhy
  1585 | D        | Noticed a red devil
  1586 | D        | Killed an orc high priest
  1586 | D        | Reached XP level 10. HP: 62/89 MP: 2/26
  1606 | D        | Killed an orc high priest
  1606 | D        | Reached ****** piety under Vehumet
  1606 | D        | Reached skill level 12 in Conjurations
  1979 | D        | Bought a phial of floods for 440 gold pieces
  1979 | D        | Bought a wand of acid (8) for 264 gold pieces
  2036 | D        | Offered knowledge of Lee's Rapid Deconstruction by Vehumet.
  2160 | D        | Reached skill level 13 in Conjurations
  2170 | D        | Offered knowledge of Spellforged Servitor by Vehumet.
  2410 | D        | Noticed Joseph
  2410 | D        | Noticed Harold
  2417 | D        | Killed Harold
  2417 | D        | Reached XP level 11. HP: 44/95 MP: 18/29
  2441 | D        | Learned a level 7 spell: Spellforged Servitor
  2450 | D        | Killed Joseph
  2666 | D        | Killed an ice dragon
  2838 | D        | Reached skill level 14 in Conjurations
  2841 | D        | Reached skill level 1 in Summonings
  3100 | D        | Offered knowledge of Lightning Bolt by Vehumet.
  3112 | D        | Learned a level 5 spell: Lightning Bolt
  3362 | D        | Noticed a dire elephant
  3362 | D        | Noticed a dire elephant
  3366 | D        | Noticed Gastronok
  3482 | D        | Killed Gastronok
  3482 | D        | Reached skill level 15 in Spellcasting
  3485 | D        | Killed a dire elephant
  3485 | D        | Reached skill level 10 in Shields
  3485 | D        | Reached skill level 15 in Conjurations
  3528 | D        | Offered knowledge of Bolt of Fire by Vehumet.
  3536 | D        | Learned a level 6 spell: Bolt of Fire
  3613 | D        | Noticed Rupert
  3623 | D        | Killed Rupert
  3623 | D        | Reached skill level 5 in Summonings
  3864 | D        | Killed a dire elephant
  3864 | D        | Reached XP level 12. HP: 53/103 MP: 9/31
  4066 | D        | Noticed an azure jelly
  4066 | D        | Noticed an azure jelly
  4066 | D        | Noticed an azure jelly
  4066 | D        | Noticed an azure jelly
  4085 | D        | Noticed a death yak
  4086 | D        | Noticed a death yak
  4087 | D        | Noticed a death yak
  4091 | D        | Killed a death yak
  4091 | D        | Offered knowledge of Bolt of Cold by Vehumet.
  4096 | D        | Killed a death yak
  4096 | D        | Reached skill level 16 in Conjurations
  4237 | D        | Noticed a death yak
  4248 | D        | Killed a death yak
  4249 | D        | Killed a death yak
  4627 | D        | Offered knowledge of Poison Arrow by Vehumet.
  4644 | D        | Noticed Urug
  4652 | D        | Killed Urug
  4778 | D        | Noticed a five-headed hydra
  4780 | D        | Noticed a six-headed hydra
  4783 | D        | Killed a five-headed hydra
  4783 | D        | Killed a six-headed hydra
  5079 | D        | Found a blossoming altar of Fedhas.
  5081 | D        | Reached skill level 17 in Conjurations
  5145 | D        | HP: 5/102 [something (24)]
  5146 | D        | Engulfed by a cloud of freezing vapour

Levels and vault maps discovered:
D:        dungeon_sprint_mu [sprint_mu_entry_forest, sprint_mu_temple_rooms,
          sprint_mu_d1_spiders, sprint_mu_d2_genie, sprint_mu_d3_branching,
          sprint_mu_orc_legion, sprint_mu_elf_gauntlet, sprint_mu_hive_nellie,
          sprint_mu_lair_fedhas, sprint_mu_vaults_butterflies,
          sprint_mu_slime_circle, sprint_mu_swamp_cave, sprint_mu_snake_twists,
          sprint_mu_blade_basic, sprint_mu_crypt_lich, sprint_mu_tomb_spiral,
          sprint_mu_vestibule_basic, sprint_mu_gehenna_hellfire,
          sprint_mu_dis_giant, sprint_mu_tartarus_statrot,
          sprint_mu_cocytus_islands, sprint_mu_zot1]

Skill      XL: |  1  2  3  4  5  6  7  8  9 10 11 12 |
---------------+-------------------------------------+-----
Dodging        | 2 |  2.0
Stealth        | 2 |  2.0
Fighting       | 1 3 4 6 8 |  8.3
Spellcasting   | 3 4 7 9 11 12 14 15 16 | 16.9
Conjurations   | 3 4 5 7 8 10 11 13 15 17 | 17.0
Fire Magic     | 4 5 6 8 9 10 11 12 13 14 | 14.8
Shields        | 4 6 8 10 11 | 11.7
Air Magic      | 5 6 |  6.3
Summonings     | 5 7 |  7.9

Action                   |  1- 3 |  4- 6 |  7- 9 | 10-12 || total
-------------------------+-------+-------+-------+-------++-------
Melee: Unarmed           |    12 |       |       |       ||    12
       Tailslap          |     3 |       |       |     6 ||     9
       Dagger            |       |       |     2 |    62 ||    64
 Cast: Flame Tongue      |    10 |     7 |    19 |    41 ||    77
       Sticky Flame      |       |     4 |     3 |    14 ||    21
       Fireball          |       |       |    14 |    22 ||    36
       Conjure Flame     |       |       |     5 |     7 ||    12
       Mephitic Cloud    |       |       |     1 |     1 ||     2
       Lightning Bolt    |       |       |       |    19 ||    19
       Bolt of Fire      |       |       |       |    18 ||    18
       Throw Icicle      |       |       |       |     9 ||     9
       Spellforged Servi |       |       |       |     3 ||     3
 Abil: Breathe Steam     |       |       |     4 |     9 ||    13
  Use: Potion            |       |       |       |     4 ||     4
       Scroll            |       |       |       |     1 ||     1
 Stab: Sleeping          |       |       |     1 |     1 ||     2
       Distracted        |       |       |       |     1 ||     1
       Confused          |       |       |       |     1 ||     1
  Eat: Chunk             |       |       |     3 |     4 ||     7
       Ration            |       |       |     1 |     5 ||     6
Armor: Skin              |     1 |     1 |       |    13 ||    15
Dodge: Dodged            |    12 |     4 |     5 |    28 ||    49
Block: Shield            |       |       |       |    51 ||    51
